AoeStats
← hightower_208

Arena

510373167Analyzed
3v3 RM · 10h ago on Sep 30, 2026· 31m 30s· 6 players
Game mode
Random Map
Map size
Normal (6 player)
Population
200
Speed
Normal
Resources
Standard
Victory
Conquest
Starting age
Dark Age
Ending age
Imperial Age
RankedLock teamsTeams togetherTeam positionsShared explorationLock speedFull tech treeHidden civsTurbo modeCheats
Victory
Defeat
🇹🇼 Inca · Taiwan
1623
+17
🇨🇭 Byzantines · Switzerland
1531
+20
🇨🇳 Khmer · China
1509
+30
🇩🇪 Italians · Germany
1701
-22
🇩🇪 Cumans · Germany
1687
-22
🇩🇪 Spanish · Germany
1501
-14
pascal sauvage
10:43 Feudal Age
11:55 Double-Bit Axe
14:24 Castle Age
12:33 Horse Collar
15:19 Bow Saw
15:03 Gold Mining
16:14 Loom
17:18 Wheelbarrow
23:13 Imperial Age
21:03 Heavy Plow
21:49 Hand Cart
22:06 Padded Archer Armor
24:54 Chemistry
23:57 Padded Archer Armor
24:06 Pikeman
25:04 Squires
25:08 Scale Mail Armor
抖音KK
9:54 Feudal Age
12:51 Castle Age
10:47 Double-Bit Axe
11:06 Horse Collar
14:26 Bow Saw
18:44 Wheelbarrow
18:47 Gold Mining
20:34 Hand Cart
21:20 Gold Shaft Mining
24:29 Imperial Age
21:56 Loom
22:24 Husbandry
23:04 Bloodlines
23:27 Scale Barding Armor
23:33 Forging
26:33 Chain Barding Armor
26:35 Capped Ram
26:58 Elite Battle Elephant
28:50 Iron Casting
30:43 Plate Barding Armor
32:07 Blast Furnace
jueaadjx
7:15 Loom
9:36 Feudal Age
11:42 Wheelbarrow
13:13 Horse Collar
13:19 Double-Bit Axe
32:53 Castle Age
hightower_208
9:28 Feudal Age
12:58 Castle Age
11:02 Double-Bit Axe
11:43 Horse Collar
15:26 Bow Saw
18:55 Wheelbarrow
24:42 Imperial Age
22:17 Loom
23:22 Hand Cart
26:25 Chemistry
27:17 Padded Archer Armor
27:48 Pirotechnia
Raenne
10:31 Feudal Age
14:02 Castle Age
12:22 Double-Bit Axe
12:41 Horse Collar
14:09 Gold Mining
20:49 Wheelbarrow
20:02 Town Watch
20:18 Loom
21:22 Bow Saw
22:03 Heavy Plow
23:30 Hand Cart
28:27 Imperial Age
27:03 Scale Barding Armor
27:08 Forging
28:09 Fortified Wall
28:43 Chain Barding Armor
29:06 Bloodlines
28:57 Husbandry
29:04 Husbandry
29:09 Cavalier
30:26 Plate Barding Armor
30:54 Two-Man Saw
30:33 Cavalier
32:04 Iron Casting
Mjoelnir
8:25 Feudal Age
9:02 Double-Bit Axe
9:53 Horse Collar
18:28 Wheelbarrow
20:38 Castle Age
20:27 Bloodlines
20:24 Scale Barding Armor
21:40 Chain Barding Armor
20:48 Capped Ram
22:01 Gold Mining
22:38 Forging
26:38 Fletching
26:42 Loom
29:15 Bodkin Arrow
Connection lost

Rejoining the realm…

Still unreachable

The connection could not be restored.

Session expired

The server has moved on; the page needs a fresh start.